Map: Port Aleksander LE

Players

Trap

  • Race: Protoss Protoss
  • Spawn Location: 5:00

Lambo - Winner!

  • Race: Zerg Zerg
  • Spawn Location: 11:00

Event: IEM Season 13: Katowice (2019)

VOD

Have the link to the VOD?

Description

Time

  • Played on: Feb. 28, 2019, 2:07 p.m.
  • Length: 11:23

All games in this series

Show
View Real Time Build Order
Export as new Build Order

Trap Protoss 

Build Orders: 1 Gate Expand, Phoenix Opening, Mass Phoenix 

Get SALT Encoding   

  12  0:00  Probe  
  13  0:12  Probe  
  14  0:18  Pylon  
  14  0:24  Probe  
  15  0:32  Probe  
  15  0:40  Probe  
  16  0:44  Gateway  
  17  0:51  Probe  
  17  0:52  Assimilator  
  18  1:03  Probe  
  19  1:15  Probe  
  20  1:26  Nexus  
  20  1:37  Cybernetics Core  
  21  1:40  Probe  
  21  1:46  Assimilator  
  21  1:52  Probe  
  22  1:56  Pylon  
  22  2:04  Adept, Probe  
  25  2:16  Probe  
  25  2:21  Stargate  
  26  2:27  Warp Gate  
  26  2:28  Probe  
  27  2:35  Stalker  
  27  2:37  Probe  
  29  2:38  Probe  
  31  2:45  Probe  
  31  2:46  Probe  
  33  2:54  Probe  
  33  2:56  Probe  
  35  3:02  Phoenix  
  38  3:07  Probe  
  38  3:08  Probe  
  39  3:19  Probe  
  40  3:20  Gateway, Probe  
  40  3:26  Phoenix  
  41  3:30  Pylon  
  44  3:34  Probe x2  
  45  3:43  Stargate  
  45  3:45  Assimilator  
  45  3:47  Probe, Assimilator  
  45  3:48  Probe  
  47  3:59  Pylon, Probe  
  47  4:00  Probe, Phoenix  
  51  4:11  Probe  
  51  4:12  Probe  
  53  4:18  Zealot, Phoenix  
  53  4:19  Zealot, Phoenix  
  57  4:26  Pylon  
  61  4:34  Probe  
  62  4:42  Phoenix x2  
  62  4:44  Probe  
  67  4:57  Pylon  
  67  4:58  Probe x2  
  69  5:00  Pylon  
  69  5:02  Zealot  
  70  5:09  Protoss Air Weapons Level 1  
  70  5:14  Pylon  
  70  5:15  Phoenix x2  
  74  5:25  Pylon  
  74  5:32  Nexus  
  74  5:33  Probe  
  74  5:34  Probe  
  74  5:38  Phoenix, Robotics Facility  
  74  5:39  Phoenix  
  78  5:53  Shield Battery  
  78  5:58  Sentry x2  
  78  6:00  Pylon  
  78  6:03  Gateway, Phoenix  
  84  6:13  Phoenix  
  84  6:20  Shield Battery  
  84  6:21  Shield Battery  
  84  6:22  Shield Battery  
  86  6:27  Zealot  
  86  6:28  Zealot  
  86  6:31  Immortal  
  90  6:39  Phoenix  
  96  6:41  Gateway  
  96  6:45  Phoenix  
  97  6:54  Zealot x2  
  101  7:09  Pylon  
  101  7:14  Immortal, Pylon  
  101  7:16  Pylon  
  99  7:24  Zealot x3  
  99  7:26  Phoenix x2  
  75  7:47  Zealot x4  
  75  7:50  Immortal  
  79  7:56  Twilight Council  
  79  7:57  Phoenix, Robotics Facility  
  83  8:02  Phoenix  
  87  8:09  Zealot x2  
  91  8:14  Zealot  
  91  8:15  Sentry  
  95  8:26  Pylon  
  95  8:29  Immortal  
  83  8:38  Zealot x3  
  85  8:43  Immortal  
  85  8:45  Stalker  
  89  8:57  Immortal  
  87  9:06  Sentry x2  
  93  9:13  Zealot x2  
  97  9:22  Immortal  
  101  9:29  Immortal  
  105  9:40  Stalker x2  
  99  9:59  Zealot  
  83  10:03  Immortal  
  83  10:04  Zealot x2  
  83  10:05  Immortal  
  89  10:22  Zealot  
  89  10:25  Zealot x2  
  95  10:42  Cybernetics Core  
  95  10:44  Zealot  
  97  10:50  Zealot  
  81  11:11  Zealot x2  
Show
View Real Time Build Order
Export as new Build Order

Lambo Zerg - Winner!

Build Orders: Hatch First 

Get SALT Encoding   

  12  0:00  Drone  
  13  0:12  Overlord  
  13  0:17  Drone  
  14  0:30  Drone x2  
  16  0:49  Hatchery  
  15  0:52  Drone  
  15  0:56  Drone  
  17  1:01  Drone  
  18  1:10  Extractor  
  17  1:16  Spawning Pool  
  16  1:18  Drone  
  16  1:22  Drone  
  18  1:28  Drone  
  19  1:44  Drone  
  20  1:52  Overlord  
  20  2:05  Queen x2  
  20  2:06  Zergling x4  
  26  2:12  Metabolic Boost  
  26  2:14  Drone  
  27  2:17  Drone  
  29  2:22  Drone  
  29  2:23  Drone  
  30  2:40  Hatchery  
  29  2:48  Drone  
  29  2:51  Drone x2  
  29  2:55  Overlord  
  31  3:00  Drone  
  31  3:02  Queen  
  34  3:09  Drone  
  35  3:15  Drone x5  
  35  3:18  Overlord  
  40  3:23  Drone x2  
  42  3:27  Spore Crawler  
  42  3:29  Drone  
  42  3:31  Zergling x2  
  42  3:32  Zergling x2  
  44  3:38  Overlord  
  44  3:40  Drone  
  45  3:51  Queen  
  45  3:52  Drone x3  
  45  3:55  Spore Crawler  
  49  3:56  Zergling x2  
  49  3:57  Zergling x2  
  49  4:01  Queen  
  53  4:03  Drone x2  
  53  4:08  Overlord  
  53  4:09  Drone  
  56  4:11  Drone  
  56  4:12  Drone  
  58  4:26  Lair  
  58  4:27  Drone x3  
  58  4:28  Roach Warren  
  60  4:31  Overlord  
  60  4:32  Drone x2  
  62  4:42  Drone x4  
  62  4:45  Extractor  
  65  4:46  Extractor  
  65  4:48  Overlord  
  65  4:49  Drone x2  
  65  4:51  Drone  
  65  4:52  Overlord  
  66  5:00  Spine Crawler  
  66  5:04  Spine Crawler  
  64  5:08  Roach x7  
  64  5:14  Queen x2  
  79  5:17  Spore Crawler x2  
  79  5:21  Drone x2  
  76  5:26  Nydus Network  
  75  5:32  Queen  
  78  5:46  Overlord  
  78  5:47  Zergling x8  
  82  5:51  Overlord  
  82  5:53  Overlord  
  82  6:03  Nydus Canal  
  82  6:04  Queen  
  82  6:05  Queen  
  82  6:09  Overlord  
  86  6:15  Zergling x14  
  86  6:17  Nydus Canal  
  93  6:20  Zergling x2  
  93  6:22  Zergling x8  
  93  6:23  Queen  
  100  6:28  Zergling x2  
  100  6:30  Zergling x2  
  102  6:35  Ravager  
  102  6:36  Ravager x5  
  102  6:37  Zergling x10  
  113  6:47  Zergling x2  
  113  6:54  Queen  
  113  7:01  Spore Crawler  
  113  7:02  Queen, Spore Crawler  
  113  7:09  Spore Crawler  
  113  7:13  Queen, Spore Crawler  
  98  7:23  Zergling x6  
  98  7:28  Zergling x16  
  98  7:29  Queen  
  95  7:35  Zergling x10  
  91  7:37  Queen  
  91  7:42  Roach x3  
  88  7:47  Roach x2  
  88  7:48  Ravager  
  88  7:49  Queen  
  93  7:51  Roach  
  93  7:52  Roach  
  93  7:54  Roach  
  98  8:00  Roach  
  98  8:02  Roach  
  98  8:05  Queen  
  102  8:09  Roach x3  
  102  8:10  Ravager  
  111  8:15  Ravager x2  
  114  8:27  Roach x3  
  114  8:32  Roach, Zergling x4  
  104  8:43  Zergling x16  
  104  8:44  Queen  
  104  8:45  Queen  
  114  9:02  Zergling x4  
  112  9:03  Zergling x4  
  112  9:15  Zergling x4  
  112  9:16  Overlord  
  114  9:23  Nydus Canal  
  113  9:31  Overlord  
  113  9:34  Queen x2  
  113  9:36  Zergling x14  
  121  9:44  Zergling x8  
  107  9:54  Zergling x12  
  102  10:04  Zergling x6  
  106  10:07  Roach x2  
  106  10:08  Queen  
  106  10:09  Queen  
  110  10:15  Roach  
  110  10:16  Ravager x2  
  110  10:19  Queen  
  110  10:20  Roach  
  110  10:21  Roach  
  120  10:24  Roach  
  120  10:30  Roach x2  
  120  10:33  Roach  
  126  10:39  Zergling x4  
  126  10:40  Ravager  
  126  10:41  Ravager  
  126  10:44  Roach  
  127  10:53  Zergling x8  
  128  10:57  Roach x2  
  128  11:01  Ravager  
  128  11:04  Zergling x6  

Tags
 
Add a new tag
Caveats
  • Supply blocks, unpowered buildings, or Contaminate may cause inaccurate times.
  • Supply counts are checked every 10 seconds.